 Dungeon Crawl Stone Soup version 0.18.1-50-g88ac8fd (webtiles) character file.

19 Inkary the Skirmisher (level 2, 0/24 HPs)
             Began as a Formicid Abyssal Knight on Sept 17, 2016.
             Was an Initiate of Lugonu.
             Slain by a giant gecko (1 damage)
             ... on level 1 of the Dungeon.
             The game lasted 00:02:12 (1447 turns).

Inkary the Skirmisher (Formicid Abyssal Knight)     Turns: 1447, Time: 00:02:12

Health: 0/24       AC:  4    Str: 16    XL:     2   Next: 95%
Magic:  3/3        EV: 11    Int: 11    God:    Lugonu [......]
Gold:   191        SH:  0    Dex: 10    Spells: 0 memorised, 1 level left

rFire  . . .     SeeInvis +     a - +1 hand axe
rCold  . . .     Gourm    .     b - +0 leather armour
rNeg   . . .     Faith    .     (no shield)
rPois  .         Spirit   .     (helmet unavailable)
rElec  .         Dismiss  .     k - +0 cloak
rCorr  .         Reflect  .     (no gloves)
SustAt .         Harm     .     (no boots)
MR     .....                    (no amulet)
Stlth  +.........               (no ring)
                                (no ring)

@: not resistant to hostile enchantments, very unstealthy
A: permanent stasis, dig shafts and tunnels, four strong arms, antennae 3
a: Dig, Shaft Self, Renounce Religion


You were on level 1 of the Dungeon.
You worshipped Lugonu.
Lugonu was noncommittal.
You were hungry.

You visited 1 branch of the dungeon, and saw 2 of its levels.
You visited the Abyss 1 time.

You collected 191 gold pieces.

Inventory:

Hand Weapons
 a - a +1 hand axe (weapon)
Armour
 b - a +0 leather armour (worn)
 k - a +0 cloak (worn)
Jewellery
 p - an uncursed ring of wizardry {unknown}
Wands
 r - a wand of iceblast (5/15)
Scrolls
 e - a scroll of remove curse {unknown}
 i - a scroll of identify {unknown}
 n - a scroll of blinking {unknown}
 s - a scroll of teleportation {unknown}
Potions
 d - a potion of might {unknown}
 g - a potion of curing {unknown}
 h - 2 potions of beneficial mutation {unknown}
 j - a potion of heal wounds {unknown}
 l - a potion of haste {unknown}
Comestibles
 c - 2 bread rations
 f - a slice of pizza
 m - a meat ration
 o - a royal jelly
 q - 2 fruits


   Skills:
 - Level 3.2 Fighting
 * Level 3.2 Axes
 - Level 2.1 Armour
 - Level 0.8 Dodging
 - Level 2.1 Invocations


You had one spell level left.
You didn't know any spells.

Dungeon Overview and Level Annotations

Branches:
Dungeon (2/15)

Altars:


Innate Abilities, Weirdness & Mutations

You are under a permanent stasis effect.
You can dig through walls and to a lower floor.
Your four strong arms can wield two-handed weapons with a shield.
You have a pair of large antennae on your head (SInv).


Message History

You hit the worm.
The worm is lightly wounded.
The goblin barely misses you. The worm bites you!
There is an open door here.
The goblin throws a stone.
The stone hits you.
You see here a stone.
The giant gecko bites you.
You closely miss the giant gecko. The giant gecko closely misses you.
The giant gecko bites you.
* * * LOW HITPOINT WARNING * * *
You are too injured to fight recklessly!
There is a stone staircase leading up here.
The giant gecko bites you.
* * * LOW HITPOINT WARNING * * *
You climb upwards.
There is a stone staircase leading down here.
You barely miss the giant gecko. The giant gecko barely misses you.
The giant gecko bites you but does no damage.
You barely miss the giant gecko. The giant gecko bites you.
You die...

..#...............#.#
#.....#
......#####......##.#
#.....# ......#
#.........#
#.....#### #.....#
#....#(...#
#......... #.....#
#..#......#
#.....#### '.....#
#..#...#..####.....#
# #.....#
#......#...........#
# #.....#
##.##..#.###########
#.....# #...l@..#
####### #########
...# ...# ...# ...#
...# ########### ...#
#.........# ...#
#.........#


You could see a giant gecko.

Vanquished Creatures
  A worm (D:2)
  A giant gecko (D:2)
  4 goblins
  2 hobgoblins (D:2)
  2 kobolds
  A quokka (D:2)
  2 bats (D:1)
  2 giant newts (D:1)
15 creatures vanquished.

Notes
Turn   | Place    | Note
--------------------------------------------------------------
     0 | Abyss:1  | Inkary the Formicid Abyssal Knight began the quest for the Orb.
     0 | Abyss:1  | Reached XP level 1. HP: 18/18 MP: 2/2
    28 | Abyss:1  | Found a corrupted altar of Lugonu.
    60 | Abyss:1  | Noticed a worldbinder
    60 | D:1      | Escaped the Abyss
   716 | D:1      | Reached XP level 2. HP: 20/24 MP: 3/3
  1444 | D:2      | HP: 1/24 [giant gecko (4)]
  1447 | D:1      | Slain by a giant gecko

Skill      XL: |  1  2 |
---------------+-------+-----
Axes           | 3 |  3.2
Fighting       | |  3.2
Armour         | |  2.1
Dodging        | |  0.8
Invocations    | |  2.1

Action                   || total
-------------------------++-------
Melee: Hand axe          ||    65
Invok: Depart the Abyss  ||     1
  Eat: Chunk             ||     1
Armor: Leather armour    ||     9
Dodge: Dodged            ||    44
